 Dungeon Crawl Stone Soup version 0.29.1-2-gbd0b4ee654 (webtiles) character file.

Game seed: 16856002997018115090

365 KittyFluff the Cudgeller (level 6, -1/38 HPs)
             Began as a Gargoyle Berserker on Nov 12, 2022.
             Was a Believer of Trog.
             Killed by divine providence
             ... invoked by an orc priest
              (9 damage)
             ... on level 4 of the Dungeon.
             The game lasted 00:13:51 (3533 turns).

KittyFluff the Cudgeller (Gargoyle Berserker)       Turns: 3533, Time: 00:13:52

Health: -1/38      AC: 11    Str: 21    XL:     6   Next: 68%
Magic:  6/6        EV: 12    Int:  7    God:    Trog [**....]
Gold:   116        SH:  4    Dex: 11    Spells: 5/5 levels left

rFire   + . .      SeeInvis .   a - +0 mace
rCold   + . .      Faith    .   r - +0 buckler
rNeg    + . .      Spirit   .   e - +2 robe {rC+ rF+}
rPois   ∞          Reflect  .   (no helmet)
rElec   +          Harm     .   j - +0 cloak
rCorr   +          Rampage  .   t - +0 pair of gloves
Will    .....                   (no boots)
Stlth   ++........              (no amulet)
HPRegen 0.12/turn               n - ring of resist corrosion
MPRegen 0.10/turn               (no ring)

@: no status effects
A: sickness immunity, AC +4, negative energy resistance 1, electricity
resistance, torment resistance 1, petrification resistance
a: Renounce Religion, Berserk, Trog's Hand


You were on level 4 of the Dungeon.
You worshipped Trog.
Trog was pleased with you.
You visited 1 branch of the dungeon, and saw 4 of its levels.

You collected 116 gold pieces.

Inventory:

Hand Weapons
 a - a +0 mace (weapon)
 b - a +4 quarterstaff of chaos
Missiles
 d - 6 poisoned darts (quivered)
 o - 2 javelins
Armour
 e - a +2 robe of resistance (worn)
 j - a +0 cloak (worn)
 r - a +0 buckler (worn)
 s - a +0 leather armour
 t - a +0 pair of gloves (worn)
 w - a +3 leather armour
Jewellery
 n - a ring of resist corrosion (left hand)
Scrolls
 f - a scroll of amnesia {unknown}
 g - a scroll of noise {unknown}
 h - 4 scrolls of teleportation
 i - a scroll of poison {unknown}
 q - a scroll of brand weapon {unknown}
Potions
 c - 2 potions of flight
 k - a potion of magic
 l - a potion of ambrosia {unknown}
 m - 3 potions of curing
 p - a potion of heal wounds {unknown}
 u - a potion of resistance {unknown}
 v - a potion of berserk rage {unknown}
 x - a potion of invisibility {unknown}


   Skills:
 + Level 4.2 Fighting
 + Level 5.0 Maces & Flails
 * Level 3.6 Armour
 + Level 2.7 Dodging
 + Level 1.4 Stealth
 * Level 1.9 Shields


You had 5 spell levels left.
You didn't know any spells.
Your spell library was empty.

Dungeon Overview and Level Annotations

Branches:
Dungeon (4/15)
 Temple: D:4-7

Altars:


Innate Abilities, Weirdness & Mutations

You are immune to sickness and miasma.
Your stone body is resilient. (AC +4)
You are immune to poison.
You resist negative energy. (rN+)
You are resistant to electric shocks. (rElec)
You are resistant to unholy torment.
You are immune to petrification.


Message History

You hit something.
An orc wizard appears from thin air!
Reactivating autopickup.
The orc wizard hits you but does no damage.
You thump the orc wizard!
You kill the orc wizard!
Trog accepts your kill.
Trog appreciates your killing of a magic user.
You block the hound's attack.
Your Maces & Flails skill increases to level 5!
You thump the hound!
The hound is heavily wounded.
The hound bites you.
* * * LOW HITPOINT WARNING * * *
The orc priest casts a cantrip, but nothing happens.
The hound bites you but does no damage.
You closely miss the hound.
The hound is heavily wounded.
You block the hound's attack. The hound misses you.
You closely miss the hound.
The hound is heavily wounded.
The hound bites you.
* * * LOW HITPOINT WARNING * * *
You barely miss the hound.
The hound is heavily wounded.
You block the hound's attack. The hound misses you.
You hit the hound.
The hound is severely wounded.
You block the hound's attack. The hound barely misses you.
You hit the hound but do no damage.
The hound is severely wounded.
The hound closely misses you. You block the hound's attack.
You hit the hound but do no damage.
The hound is severely wounded.
The hound bites you but does no damage.
You closely miss the hound.
The hound is severely wounded.
The hound bites you but does no damage.
The orc priest mumbles some strange prayers to Beogh against you.
Beogh smites you!
You die...

#.# #.# #.# #.#
#.# #<# #<# #.#
#.# ###..
#######.######....
#..........†...###
#.#####.########
#@# #.# #h# ...


oo# .#.#. ##o. ....... #.### #.# ## #.# ... #.# #.# You could see a hound, an
orc priest and 2 orcs.

Vanquished Creatures
  A black bear (D:4)
  A scorpion (D:4)
  Crazy Yiuf (D:3)
  Jessica (D:3)
  Natasha (twice) (D:3)
  An orc wizard (D:4)
  2 adders (D:2)
  A worm (D:2)
  A dart slug (D:2)
  2 orcs (D:4)
  8 ball pythons
  4 endoplasms
  4 giant cockroaches
  7 goblins
  8 hobgoblins
  5 jackals
  5 kobolds
  4 quokkas
  2 bats
  6 frilled lizards
  5 rats
71 creatures vanquished.

Notes
Turn   | Place    | Note
-------+----------+-------------------------------------------
     0 | D:1      | KittyFluff the Gargoyle Berserker began the quest for the
                  | Orb.
     0 | D:1      | Reached XP level 1. HP: 14/14 MP: 1/1
   114 | D:1      | Reached XP level 2. HP: 10/19 MP: 2/2
   276 | D:1      | Found a faded altar of an unknown god.
   767 | D:1      | Reached XP level 3. HP: 24/24 MP: 3/3
  1541 | D:2      | Reached XP level 4. HP: 27/29 MP: 4/4
  1780 | D:2      | Reached ** piety under Trog
  2678 | D:3      | Noticed Jessica
  2683 | D:3      | Killed Jessica
  2684 | D:3      | Reached skill level 4 in Maces & Flails
  2684 | D:3      | Reached skill level 1 in Stealth
  2840 | D:3      | Found a runed translucent door.
  2841 | D:3      | Noticed Crazy Yiuf
  2852 | D:3      | Killed Crazy Yiuf
  2853 | D:3      | Reached XP level 5. HP: 28/33 MP: 5/5
  3154 | D:3      | Noticed Natasha
  3164 | D:3      | Killed Natasha
  3362 | D:3      | Noticed Natasha
  3372 | D:3      | Killed Natasha
  3373 | D:3      | Reached skill level 1 in Shields
  3426 | D:4      | Reached XP level 6. HP: 38/38 MP: 6/6
  3496 | D:4      | Noticed a black bear
  3505 | D:4      | Killed a black bear
  3526 | D:4      | Reached skill level 5 in Maces & Flails
  3533 | D:4      | Killed from afar by an orc priest

Illustrated notes

Levels and vault maps discovered:
D:1:      erik_arrival_triangle_medium, layout_loops_ring,
          shapermc_ecumenical_altar_notcrosses, minmay_surrounded
D:2:      layout_basic, grunt_ministairs_5
D:3:      layout_loops_ring, uniq_jessica, uniq_natasha, uniq_crazy_yiuf_cottage
D:4:      lemuel_castle_with_subvaults [lemuel_castle_interior_carwin_2],
          layout_loops_ring, minmay_temple_entry_drinking_statues

Skill      XL: |  1  2  3  4  5  6 |
---------------+-------------------+-----
Dodging        | 2 |  2.7
Fighting       | 4 |  4.2
Maces & Flails | 4 5 |  5.0
Stealth        | 1 |  1.4
Armour         | 3 |  3.6
Shields        | 1 |  1.9

Action                   |  1- 3 |  4- 6 || total
-------------------------+-------+-------++-------
Melee: Mace              |    98 |   134 ||   232
Invok: Berserk           |     1 |     1 ||     2
  Use: Scroll            |       |     5 ||     5
 Stab: Sleeping          |     1 |     1 ||     2
Armor: Animal skin       |    33 |    17 ||    50
       Robe              |       |    33 ||    33
Dodge: Dodged            |    63 |    76 ||   139
Block: Buckler           |       |    16 ||    16
